AoeStats
← a4rkangel

Arabia

508144384Analyzed
1v1 RM · 11d ago on Sep 21, 2026· 14m 1s· 2 players
Game mode
Random Map
Map size
Tiny (2 player)
Population
200
Speed
Normal
Resources
Standard
Victory
Conquest
Starting age
Dark Age
Ending age
Imperial Age
RankedLock teamsTeams togetherTeam positionsShared explorationLock speedFull tech treeHidden civsTurbo modeCheats
Victory
Defeat
🇦🇷 Chinese · Argentina
729
+15
🇨🇱 Magyars · Chile
714
-15
a4rkangel
11:39 Loom
14:27 Feudal Age
Ger!!!
0:27 Loom
11:21 Feudal Age
11:51 Town Watch
11:34 Man-at-Arms
12:06 Double-Bit Axe
12:46 Arson
Connection lost

Rejoining the realm…

Still unreachable

The connection could not be restored.

Session expired

The server has moved on; the page needs a fresh start.